 Dungeon Crawl Stone Soup version 0.28.0-53-g5a82cb258f (webtiles) character file.

Game seed: 8103041210240338503

116 issech the Chopper (level 4, -3/41 HPs)
             Began as a Minotaur Monk on May 28, 2022.
             Succumbed to a scorpion's poison
             ... on level 4 of the Dungeon.
             The game lasted 00:06:13 (2982 turns).

issech the Chopper (Minotaur Monk)                  Turns: 2982, Time: 00:06:14

Health: -3/41      AC:  8    Str: 16    XL:     4   Next: 69%
Magic:  2/3        EV: 12    Int:  7    God:
Gold:   118        SH:  0    Dex: 17    Spells: 3/3 levels left

rFire   . . .      SeeInvis .   a - +0 hand axe
rCold   . . .      Faith    .   (no shield)
rNeg    . . .      Spirit   +   c - +0 ring mail
rPois   .          Reflect  .   (helmet restricted)
rElec   .          Harm     .   r - +0 cloak
rCorr   .          Rampage  .   k - +1 pair of gloves {Dex+3}
Will    .....                   (no boots)
Stlth   +.........              v - amulet of guardian spirit
HPRegen 0.13/turn               (no ring)
MPRegen 0.08/turn               (no ring)

@: lethally poisoned (-3 -> -26)
A: horns 2, retaliatory headbutt
a: no special abilities


You were on level 4 of the Dungeon.
You visited 1 branch of the dungeon, and saw 4 of its levels.

You collected 118 gold pieces.

Inventory:

Hand Weapons
 a - a +0 hand axe (weapon)
 e - a +0 arbalest
 m - a +0 hunting sling
 o - a +0 short sword
Missiles
 g - 21 arrows
 x - 16 bolts
Armour
 b - a +0 robe
 c - a +0 ring mail (worn)
 k - a +1 pair of gloves of dexterity (worn)
 r - a +0 cloak (worn)
Jewellery
 v - an amulet of guardian spirit (around neck)
Scrolls
 d - a scroll of noise {unknown}
 f - a scroll of silence {unknown}
 l - a scroll of vulnerability {unknown}
 q - a scroll of identify {unknown}
 s - a scroll of torment {unknown}
 t - a scroll of blinking {unknown}
 y - a scroll of fog {unknown}
Potions
 h - a potion of flight {unknown}
 i - a potion of berserk rage {unknown}
 j - 2 potions of degeneration {unknown}
 n - a potion of mutation {unknown}
 p - a potion of haste {unknown}
 u - a potion of cancellation {unknown}
 w - 2 potions of lignification {unknown}


   Skills:
 + Level 4.5 Fighting
 + Level 5.0 Axes
 + Level 1.9 Armour
 + Level 3.7 Dodging
 + Level 1.8 Stealth


You had 3 spell levels left.
You didn't know any spells.
Your spell library contained the following spells:

 Spells                   Type           Power      Damage    Failure   Level
 Animate Skeleton         Necr           0%         N/A       65%         1
 Apportation              Tloc           0%         N/A       65%         1
 Sandblast                Erth           0%         2d4       65%         1
 Summon Small Mammal      Summ           0%         N/A       65%         1
 Passwall                 Tmut/Erth      0%         N/A       78%         2
 Call Canine Familiar     Summ           0%         N/A       95%         3
 Gell's Gravitas          Tloc           0%         N/A       95%         3
 Inner Flame              Hex/Fire       0%         N/A       95%         3
 Portal Projectile        Hex/Tloc       0%         N/A       95%         3
 Stone Arrow              Conj/Erth      0%         3d7       95%         3
 Teleport Other           Tloc           0%         N/A       95%         3
 Cause Fear               Hex            0%         N/A       100%        4
 Leda's Liquefaction      Hex/Erth       0%         N/A       100%        4
 Dispersal                Tloc           0%         N/A       100%        6
 Discord                  Hex            0%         N/A       100%        8


Dungeon Overview and Level Annotations

Branches:
Dungeon (4/15)
 Temple: D:4-7

Altars:
Ashenzari
Makhleb
Sif Muna
Xom

Shops:
D:3 [


Innate Abilities, Weirdness & Mutations

You have a pair of horns on your head.
You reflexively headbutt those who attack you in melee.


Message History

You feel very sick. The hobgoblin barely misses you. You furiously retaliate!
You headbutt the hobgoblin, but do no damage.
The scorpion closely misses you.
You barely miss the scorpion. Your headbutt misses the scorpion.
The scorpion is heavily wounded.
You hit the hobgoblin.
You feel sick.
The hobgoblin hits you but does no damage.
The scorpion stings you but does no damage.
You closely miss the scorpion.
The scorpion is heavily wounded.
You hit the hobgoblin.
You kill the hobgoblin!
You feel sick. The scorpion stings you. The scorpion stings you!
You are more poisoned.
The scorpion poisons you!
You hit the scorpion. Your headbutt misses the scorpion.
The scorpion is severely wounded.
You hit the dart slug.
You feel very sick. The scorpion stings you.
You are more poisoned.
The scorpion poisons you! The dart slug launches a dart at you.
The slug dart misses you.
You closely miss the scorpion.
The scorpion is severely wounded.
You hit the dart slug but do no damage.
* * * LOW HITPOINT WARNING * * *
You feel very sick. The scorpion stings you.
* * * LOW HITPOINT WARNING * * *
You are more poisoned.
The scorpion poisons you! The dart slug barely misses you.
* * * LOW HITPOINT WARNING * * *
You feel very sick. The scorpion closely misses you.
You closely miss the scorpion.
The scorpion is severely wounded.
You die...

....# #.# #..# #.#
#..#######.#
.#####.......##.#
.............##.####
#..........>..#
#..##>#.##.##.###.
#>.##.............
#@.####....##.####
#s..........#.# #
#w....##.....#.# #
#.w###....##....#
...# #.......#..#
..!. #.##.##...#####
#....
.....###.......
...## .. #.######
..# . #.......


You could see a worm, a scorpion and a dart slug.

Vanquished Creatures
  6 adders
  A worm (D:3)
  A dart slug (D:2)
  An orc (D:3)
  5 bats
  9 endoplasms
  3 giant cockroaches
  4 goblins
  5 hobgoblins
  4 jackals (D:3)
  2 quokkas
  3 ball pythons
  3 frilled lizards
  3 kobolds
  4 rats
54 creatures vanquished.

Notes
Turn   | Place    | Note
-------+----------+-------------------------------------------
     0 | D:1      | issech the Minotaur Monk began the quest for the Orb.
     0 | D:1      | Reached XP level 1. HP: 19/19 MP: 0/0
   216 | D:1      | Reached XP level 2. HP: 25/27 MP: 1/1
   292 | D:1      | Reached skill level 4 in Axes
   568 | D:1      | Found a faded altar of an unknown god.
   937 | D:2      | Reached XP level 3. HP: 33/33 MP: 2/2
  1492 | D:2      | Reached skill level 1 in Armour
  1494 | D:2      | Reached XP level 4. HP: 37/41 MP: 3/3
  1947 | D:3      | Found a shimmering blue altar of Sif Muna.
  2009 | D:3      | Found a burning altar of Makhleb.
  2044 | D:3      | Found Houcof's Antique Armour Boutique.
  2753 | D:3      | Found a shimmering altar of Xom.
  2758 | D:3      | Found a broken altar of Ashenzari.
  2967 | D:4      | Noticed a scorpion
  2972 | D:4      | Reached skill level 5 in Axes
  2981 | D:4      | HP: 2/41 [poisoned by a scorpion]
  2982 | D:4      | Succumbed to a scorpion's poison

Illustrated notes

Levels and vault maps discovered:
D:1:      dpeg_arrival_arbitrary_c, layout_basic,
          nicolae_ecumenical_lake_church, nrook_mini_backslash,
          lemuel_old_faithful
D:2:      layout_loops_corners, grunt_ministairs_7
D:3:      layout_basic, led_sif_pool, bloody_makhleb,
          grunt_temple_overflow_open, serial_shops, nicolae_square_shop,
          minmay_door_square
D:4:      layout_loops_ring, minmay_temple_entry_ruins,
          hangedman_abyss_or_decor_lesser_grid, minmay_bisected

Skill      XL: |  1  2  3  4 |
---------------+-------------+-----
Fighting       | 4 |  4.5
Axes           | 4 5 |  5.0
Armour         | 1 |  1.9
Dodging        | |  3.7
Stealth        | |  1.8

Action                   |  1- 3 |  4- 6 || total
-------------------------+-------+-------++-------
Melee: Hand axe          |    75 |    53 ||   128
       Headbutt          |    14 |     8 ||    22
       Punch             |       |     1 ||     1
Armor: Ring mail         |    25 |    20 ||    45
Dodge: Dodged            |    45 |    30 ||    75
